 Dungeon Crawl Stone Soup version 0.27.1-37-g7b29ead8ac (console) character file.

Game seed: 4889355984595936395

300 grimtooth the Stinger (level 6, -1/41 HPs)
             Began as a Barachi Venom Mage on Sept 2, 2023.
             Was an Initiate of Vehumet.
             Slain by a gnoll shaman (11 damage)
             ... on level 5 of the Dungeon.
             The game lasted 00:16:19 (5020 turns).

grimtooth the Stinger (Barachi Venom Mage)          Turns: 5020, Time: 00:16:20

Health: -1/41      AC:  3    Str:  9    XL:     6   Next: 36%
Magic:  1/9        EV: 12    Int: 17    God:    Vehumet [......]
Gold:   217        SH:  0    Dex: 13    Spells: 6/9 levels left

rFire    . . .     SeeInvis .   c - +0 dagger
rCold    . . .     Faith    .   (no shield)
rNeg     . . .     Spirit   .   a - +1 robe
rPois    .         Reflect  .   (no helmet)
rElec    .         Harm     .   (no cloak)
rCorr    .         Rampage  .   (no gloves)
Will     .....                  (no boots)
Stlth    ++........             (no amulet)
HPRegen  0.13/turn              (no ring)
MPRegen  0.11/turn              (no ring)

@: unable to hop, slow
A: amphibious, slowness 1, strong legs 1, +LOS
a: Hop, Renounce Religion


You were on level 5 of the Dungeon.
You worshipped Vehumet.
Vehumet was noncommittal.
You visited 2 branches of the dungeon, and saw 6 of its levels.

You collected 217 gold pieces.

Inventory:

Hand Weapons
 c - a +0 dagger (weapon)
Missiles
 e - 79 stones (quivered)
 i - 31 sling bullets
Armour
 a - a +1 robe (worn)
Wands
 k - a wand of iceblast (3)
Scrolls
 d - a scroll of fog {unknown}
 g - a scroll of teleportation
Potions
 f - a potion of degeneration {unknown}
 h - a potion of curing
 l - a potion of brilliance {unknown}


   Skills:
 - Level 2.1 Dodging
 - Level 3.0 Stealth
 - Level 2.1 Spellcasting
 - Level 3.0 Transmutations
 * Level 2.1 Air Magic
 - Level 6.0 Poison Magic


You had 6 spell levels left.
You knew the following spells:

 Your Spells              Type           Power      Damage    Failure   Level
a - Sting                 Tmut/Pois      68%        1d6       3%          1
b - Poisonous Vapours     Pois/Air       30%        N/A       5%          2

Your spell library contained the following spells:

 Spells                   Type           Power      Damage    Failure   Level
 Spider Form              Tmut/Pois      8%         N/A       9%          3
 Olgreb's Toxic Radiance  Pois           22%        N/A       16%         4
 Mephitic Cloud           Conj/Pois/Air  11%        N/A       19%         3
 Ensorcelled Hibernation  Hex/Ice        2%         N/A       28%         2
 Shadow Creatures         Summ           N/A        N/A       100%        6


Dungeon Overview and Level Annotations

Branches:
Dungeon (5/15)             Temple (1/1) D:5

Altars:
Fedhas
Gozag
Qazlal
Ru
Sif Muna
Uskayaw
Vehumet
Wu Jian

Shops:
D:5 :

Annotations:
D:4 Menkaure


Innate Abilities, Weirdness & Mutations

You are amphibious.
You cover ground slowly.
You can hop short distances.
You have an extended range of vision and can be seen from far away.


Message History

Aim: a gnoll shaman, wielding a +0 whip and wearing a +0 robe (moderately wounded, very poisoned, 77% to hit)
The sting misses the gnoll shaman.
The gnoll shaman hits you with a +0 whip.
Casting: Sting (safe; 3% risk of failure)
Confirm with . or Enter, or press ? or * to list all spells.
Aiming: Sting (safe; 3% risk of failure)
Press: ? - help, Shift-Dir - straight line, f/p - gnoll shaman
Aim: a gnoll shaman, wielding a +0 whip and wearing a +0 robe (heavily wounded, very poisoned, 77% to hit)
The sting hits the gnoll shaman.
The gnoll shaman looks even sicker.
The gnoll shaman is severely wounded.
The gnoll shaman utters an invocation to its god.
The gnoll shaman is healed somewhat.
You hear the rapid hiss of an avalanche of sand.
The gnoll shaman prays to its god.
The gnoll shaman is healed somewhat.
Aiming: Iceblast
Press: ? - help, Shift-Dir - straight line, f/p - gnoll shaman
Aim: a gnoll shaman, wielding a +0 whip and wearing a +0 robe (severely wounded, very poisoned)
The mass of ice explodes!
The iceblast engulfs the gnoll shaman.
The gnoll shaman is almost dead.
You hear a shout!
The gnoll shaman mumbles some strange prayers to its god.
The gnoll shaman is healed somewhat.
Casting: Sting (safe; 3% risk of failure)
Confirm with . or Enter, or press ? or * to list all spells.
Aiming: Sting (safe; 3% risk of failure)
Press: ? - help, Shift-Dir - straight line, f/p - gnoll shaman
Aim: a gnoll shaman, wielding a +0 whip and wearing a +0 robe (severely wounded, very poisoned, 77% to hit)
The sting hits the gnoll shaman.
The gnoll shaman looks even sicker.
The gnoll shaman is severely wounded.
The gnoll shaman mumbles some strange prayers to its god against you.
You resist with some effort.
You hit the gnoll shaman but do no damage.
The gnoll shaman is almost dead.
The gnoll shaman hits you with a +0 whip!
* * * LOW HITPOINT WARNING * * *
You hit the gnoll shaman but do no damage.
The gnoll shaman is almost dead.
The gnoll shaman hits you with a +0 whip!
You die...

###.### #.##### #.##...
#.#)... #.#.>.. #.#...#
#.##### #.# #########.##
####..........#
#####@##.###.####.#
#...g.##.# #.# #.#
#.######.# #.# #.# #.# #.#
#.# #.# #.# #.# #.. #.# #.#
#.# ##.# #.# #.#
#>####.###.#### #.#
#...........>.. #)#
####............##
#######.###....#.#..###.#.#
.............##..........#.#


You could see a gnoll shaman (very poisoned).

Vanquished Creatures
  A phantom (D:5)
  A scorpion (D:5)
  A hound zombie (D:5)
  5 gnolls
  4 adders
  3 dart slugs
  An orc (D:3)
  9 endoplasms
  2 giant cockroaches (D:1)
  4 goblins
  6 hobgoblins
  6 kobolds (D:2)
  4 quokkas
  4 ball pythons
  5 bats
  2 frilled lizards
  8 rats
66 creatures vanquished.

Vanquished Creatures (others)
  3 plants (D:2)
3 creatures vanquished.

Grand Total: 69 creatures vanquished

Notes
Turn   | Place    | Note
-------+----------+-------------------------------------------
     0 | D:1      | grimtooth the Barachi Venom Mage began the quest for the
                  | Orb.
     0 | D:1      | Reached XP level 1. HP: 13/13 MP: 3/3
   334 | D:1      | Reached XP level 2. HP: 19/19 MP: 0/5
   597 | D:1      | Reached skill level 4 in Poison Magic
  1168 | D:1      | Reached XP level 3. HP: 24/24 MP: 3/6
  2016 | D:2      | Found a faded altar of an unknown god.
  2117 | D:2      | Reached XP level 4. HP: 30/30 MP: 3/7
  2331 | D:2      | Reached skill level 5 in Poison Magic
  2775 | D:2      | Learned a level 2 spell: Poisonous Vapours
  3299 | D:3      | Reached XP level 5. HP: 35/35 MP: 2/8
  4021 | D:4      | Noticed an ogre
  4329 | D:4      | Noticed Menkaure
  4384 | D:5      | Entered Level 5 of the Dungeon
  4622 | D:5      | Found a staircase to the Ecumenical Temple.
  4818 | Temple   | Entered the Ecumenical Temple
  4828 | Temple   | Became a worshipper of Vehumet
  4882 | D:5      | Found Coxillad's Book Shop.
  4902 | D:5      | Reached skill level 6 in Poison Magic
  4961 | D:5      | Noticed a phantom
  4978 | D:5      | Killed a phantom
  4979 | D:5      | Reached skill level 1 in Air Magic
  4979 | D:5      | Reached XP level 6. HP: 28/41 MP: 0/9
  5004 | D:5      | - this game is going very poorly
  5020 | D:5      | Slain by a gnoll shaman

Illustrated notes

#.# #.# #.# #########.#
#.......... ###
#.###.####. #.. #.# #.#
#. #.# #.# #.# #. #.# #.#
#.# #. #.# #.# #.. #. #@#
#.# ##.# #. #.#
#>####.###. #g#
#.......... #g#
####..........
#######.###....#.#..###.
.............##..........
########.######.#.#..####
#.# #......# .#.
###.##..# g# # .# #.# .#
# #


Turn 5004 on D:5: - this game is going very poorly

Levels and vault maps discovered:
D:1:      heliophobic_arrival_dark_side_of_the_moon, layout_basic
D:2:      layout_basic, shapermc_ecumenical_altar_acropolis
D:3:      layout_loops_corners
D:4:      layout_rooms, uniq_duvessa, uniq_sigmund, uniq_menkaure
D:5:      layout_loops_ring, minmay_temple_entry_offerings, serial_shops, shop,
          nicolae_ossuary_entry_catacombs
Temple:   nicolae_temple_the_god_donut

Skill      XL: |  1  2  3  4  5  6 |
---------------+-------------------+-----
Poison Magic   | 4 5 6 |  6.0
Transmutations | 2 3 |  3.0
Stealth        | 3 |  3.0
Air Magic      | 1 2 |  2.1
Dodging        | |  2.1
Spellcasting   | |  2.1

Action                   |  1- 3 |  4- 6 || total
-------------------------+-------+-------++-------
Melee: Dagger            |       |    19 ||    19
Throw: Stone             |       |     5 ||     5
 Cast: Sting             |    83 |    74 ||   157
       Poisonous Vapours |       |    13 ||    13
 Abil: Hop               |     6 |     7 ||    13
Evoke: Wand              |       |     5 ||     5
  Use: Potion            |       |     1 ||     1
       Scroll            |       |     2 ||     2
Armor: Robe              |     6 |     8 ||    14
Dodge: Dodged            |    29 |    42 ||    71
